 Dungeon Crawl Stone Soup version 0.29.1-15-g9cfb28693d (webtiles) character file.

Game seed: 6613691337849620350

588 BuddhaDhamma the Cleaver (level 7, -3/57 HPs)
             Began as a Minotaur Berserker on Mar 27, 2023.
             Was a Believer of Trog.
             Slain by Duvessa
             ... wielding a +2 short sword of speed
              (18 damage)
             ... on level 5 of the Dungeon.
             The game lasted 00:04:58 (3522 turns).

BuddhaDhamma the Cleaver (Minotaur Berserker)       Turns: 3522, Time: 00:04:59

Health: -3/57      AC:  8    Str: 23    XL:     7   Next: 15%
Magic:  6/6        EV: 18    Int:  4    God:    Trog [**....]
Gold:   203        SH:  0    Dex: 10    Spells: 6/6 levels left

rFire   + + .      SeeInvis .   (weapon currently unavailable)
rCold   + + .      Faith    .   (shield currently unavailable)
rNeg    + + +      Spirit   .   (body armour currently unavailable)
rPois   ∞          Reflect  .   (helmet currently unavailable)
rElec   +          Harm     .   (cloak currently unavailable)
rCorr   +          Rampage  .   (gloves currently unavailable)
Will    .....                   (boots currently unavailable)
Stlth   +.........              (amulet currently unavailable)
HPRegen 0.19/turn               (ring currently unavailable)
MPRegen 0.10/turn               (ring currently unavailable)

@: confused, wisp-form (expiring), on berserk cooldown, flying, slowed, very
slow
A: insubstantial, flying, no casting, tiny, (horns 2), (retaliatory headbutt)
a: Renounce Religion, Berserk, Trog's Hand


You were on level 5 of the Dungeon.
You worshipped Trog.
Trog was pleased with you.
You were an insubstantial wisp.
You visited 1 branch of the dungeon, and saw 5 of its levels.

You collected 203 gold pieces.

Inventory:

Hand Weapons
 a - a +0 hand axe (melded)
Missiles
 p - 2 poisoned darts (quivered)
Armour
 f - a +0 chain mail (melded)
 o - a +1 cloak (melded)
 r - a +0 pair of gloves (melded)
Scrolls
 b - 6 scrolls of identify {unknown}
 c - a scroll of noise {unknown}
 e - 3 scrolls of enchant weapon {unknown}
 g - a scroll of teleportation {unknown}
 i - 2 scrolls of fear {unknown}
 k - a scroll of butterflies {unknown}
Potions
 d - 2 potions of curing {unknown}
 h - a potion of cancellation {unknown}
 j - 2 potions of brilliance {unknown}
 l - a potion of invisibility {unknown}
 m - a potion of heal wounds {unknown}
 n - a potion of magic {unknown}
 q - 2 potions of lignification {unknown}


   Skills:
 - Level 3.6 Fighting
 + Level 9.9 Axes
 - Level 2.4 Armour
 - Level 2.1 Dodging


You had 6 spell levels left.
You didn't know any spells.
Your spell library was empty.

Dungeon Overview and Level Annotations

Branches:
Dungeon (5/15)
 Temple: D:4-7

Altars:
Fedhas
Nemelex Xobeh
Ru
Xom

Annotations:
D:5 Duvessa


Innate Abilities, Weirdness & Mutations

You are an insubstantial wisp.
Your tiny insubstantial body is highly resistant to most damage types.
You are flying.
Your equipment is entirely melded.
You are incapable of wielding weapons or throwing items.
You cannot cast spells.
((You have a pair of horns on your head.))
((You reflexively headbutt those who attack you in melee.))


Message History

You kill Ijyb!
Trog accepts your kill. The orc wizard misses you.
Items here: )) / [.
You feel a strong urge to attack something.
You feel your anger nearly subside.
You are no longer berserk.
You are exhausted.
You feel yourself slow down.
Duvessa, Sister of Dowan comes into view.
She is wielding a +2 short sword of speed.
The orc wizard misses you.
Duvessa shouts!
You touch the orc wizard.
The orc wizard is heavily wounded.
Duvessa goes berserk!
The orc wizard hits you with a +0 dagger.
You touch the orc wizard but do no damage.
The orc wizard is heavily wounded.
The orc wizard hits you but does no damage.
The orc wizard completely misses you.
You touch the orc wizard.
The orc wizard is severely wounded.
Your transformation is almost over.
The orc wizard gestures at you while chanting.
You resist with some effort.
You touch the orc wizard.
The orc wizard is almost dead.
Duvessa completely misses you.
The orc wizard mumbles some strange words.
The orc wizard flickers and vanishes!
Deactivating autopickup; reactivate with Ctrl-A.
Duvessa hits you with a +2 short sword of speed!
Duvessa closely misses you.
You barely miss something.
Duvessa hits you with a +2 short sword of speed.
* * * LOW HITPOINT WARNING * * *
You hear some strange, mumbled words.
You are confused.
Duvessa completely misses you.
Duvessa hits you with a +2 short sword of speed!!
You die...

#### #. ... ..
#.# .# ##.###
.# ....# .#
#.#.# .#
#.#.##.#
#v{).<.#
......e.#.####
...)#####.# ..
=.. ....#
#.#... #.#.#.#
#.#...#


You could see Duvessa (berserk).

Vanquished Creatures
  Grinder (D:4)
  Dowan (D:5)
  A jelly (D:5)
  2 orc priests (D:3)
  Crazy Yiuf (D:3)
  Natasha (thrice) (D:3)
  An orc wizard (D:4)
  Ijyb (D:5)
  3 adders
  2 worms
  A dart slug (D:4)
  13 orcs
  12 endoplasms
  3 giant cockroaches
  4 goblins
  5 hobgoblins
  2 jackals (D:1)
  A quokka (D:3)
  3 ball pythons
  6 bats
  3 frilled lizards
  7 kobolds
  2 rats (D:3)
78 creatures vanquished.

Vanquished Creatures (others)
  4 fungi (D:3)
  5 plants (D:3)
9 creatures vanquished.

Grand Total: 87 creatures vanquished

Notes
Turn   | Place    | Note
-------+----------+-------------------------------------------
     0 | D:1      | BuddhaDhamma the Minotaur Berserker began the quest for the
                  | Orb.
     0 | D:1      | Reached XP level 1. HP: 19/19 MP: 0/0
    54 | D:1      | Found a faded altar of an unknown god.
    94 | D:1      | Reached skill level 4 in Axes
   193 | D:1      | Reached XP level 2. HP: 23/26 MP: 1/1
  1019 | D:2      | Reached skill level 5 in Axes
  1088 | D:2      | Reached XP level 3. HP: 30/31 MP: 2/2
  1513 | D:3      | Reached ** piety under Trog
  1621 | D:3      | Reached skill level 6 in Axes
  1621 | D:3      | Reached XP level 4. HP: 39/39 MP: 3/3
  1808 | D:3      | Noticed Natasha
  1818 | D:3      | Killed Natasha
  1988 | D:3      | Reached skill level 7 in Axes
  1988 | D:3      | Reached XP level 5. HP: 37/45 MP: 4/4
  2164 | D:3      | Noticed Natasha
  2166 | D:3      | Killed Natasha
  2297 | D:3      | Noticed Natasha
  2308 | D:3      | Killed Natasha
  2541 | D:3      | Found a runed translucent door.
  2542 | D:3      | Noticed Crazy Yiuf
  2550 | D:3      | Killed Crazy Yiuf
  2551 | D:3      | Reached skill level 8 in Axes
  2655 | D:4      | Reached XP level 6. HP: 42/51 MP: 5/5
  2782 | D:4      | Noticed Grinder
  2812 | D:4      | Paralysed by Grinder for 2 turns
  2816 | D:4      | Killed Grinder
  2817 | D:4      | Reached skill level 9 in Axes
  3277 | D:4      | Found a sacrificial altar of Ru.
  3277 | D:4      | Found a shimmering altar of Xom.
  3278 | D:4      | Found a sparkling altar of Nemelex Xobeh.
  3292 | D:4      | Found a blossoming altar of Fedhas.
  3489 | D:5      | Entered Level 5 of the Dungeon
  3495 | D:5      | Reached XP level 7. HP: 51/57 MP: 6/6
  3496 | D:5      | Noticed Dowan
  3499 | D:5      | Noticed Ijyb
  3509 | D:5      | Killed Dowan
  3513 | D:5      | Killed Ijyb
  3517 | D:5      | Noticed Duvessa
  3522 | D:5      | Slain by Duvessa

Illustrated notes

Levels and vault maps discovered:
D:1:      lemuel_arrival_muddy, layout_loops_ring,
          hellmonk_ecumenical_altar_zigzags, dreamdust_wishing_well
D:2:      layout_loops_ring, minmay_misc_feat_square
D:3:      cheibrodos_old_hovel, layout_loops_ring, uniq_crazy_yiuf_cottage,
          uniq_natasha
D:4:      layout_basic, nicolae_overflow_quartered_altars,
          chequers_serial_rivers_small_b, minivault_23, uniq_grinder
D:5:      layout_loops_cross, uniq_ijyb, uniq_edmund, uniq_duvessa

Skill      XL: |  1  2  3  4  5  6 |
---------------+-------------------+-----
Axes           | 4 5 6 7 8 9 |  9.9
Fighting       | |  3.6
Armour         | |  2.4
Dodging        | |  2.1

Action                   |  1- 3 |  4- 6 |  7- 9 || total
-------------------------+-------+-------+-------++-------
Melee: Hand axe          |    74 |    99 |     7 ||   180
       Headbutt          |    11 |    15 |     3 ||    29
       Punch             |     1 |       |       ||     1
       Unarmed           |       |       |    10 ||    10
Invok: Berserk           |       |     2 |     1 ||     3
Armor: Animal skin       |     4 |       |       ||     4
       Ring mail         |     6 |       |       ||     6
       Chain mail        |    20 |    35 |     5 ||    60
       Skin              |       |       |     2 ||     2
Dodge: Dodged            |    35 |    28 |    17 ||    80
